 Dungeon Crawl Stone Soup version 0.29-a0-472-ge5599a681e (console) character file.

Game seed: 3698735823337127122

81456 jejorda2 the Impaler (level 15, -3/115 HPs)
             Began as a Merfolk Fighter on May 22, 2022.
             Was the Champion of Okawaru.
             Slain by an orc knight
             ... wielding a +1 battleaxe
              (5 damage)
             ... on level 1 of the Orcish Mines.
             The game lasted 01:18:30 (22721 turns).

jejorda2 the Impaler (Merfolk Fighter)             Turns: 22721, Time: 01:18:31

Health: -3/115     AC: 39    Str: 26    XL:     15   Next: 70%
Magic:  15/20      EV: 11    Int:  6    God:    Okawaru [******]
Gold:   1272       SH:  0    Dex: 16    Spells: 14/14 levels left

rFire   + + +      SeeInvis +   a - +2 bardiche (protect)
rCold   + . .      Faith    .   (shield currently unavailable)
rNeg    . . .      Spirit   .   X - +5 shadow dragon scales of Boduc {+Blink rPois Str+4 Int-4 Stlth++++}
rPois   +          Reflect  .   E - +2 helmet
rElec   .          Harm     .   n - scarf {rC+ rF+}
rCorr   .          Rampage  +   u - +2 pair of gloves {hurl}
Will    +....                   p - +1 pair of boots {Fly}
Stlth   ++........              K - amulet "Hank" {Rampage Regen+ Dex+3}
HPRegen 1.09/turn               U - ring "Ysevuxut" {rF++ AC+4}
MPRegen 0.17/turn               f - ring of see invisible

@: finesse-ful, under a protective aura, flying
A: (nimble swimmer 2), mertail
a: Renounce Religion, Evoke Blink, Heroism, Finesse, Duel


You were on level 1 of the Orcish Mines.
You worshipped Okawaru.
Okawaru was exalted by your worship.
You visited 4 branches of the dungeon, and saw 23 of its levels.
You also visited: Gauntlet.

You collected 1784 gold pieces.
You spent 512 gold pieces at shops.

Inventory:

Hand Weapons
 a - a +2 bardiche of protection (weapon)
 b - a +1 trident of flaming
 k - the +3 dagger of Moral Flaws {vorpal, rElec Will- rCorr Str+2}
   (You found it in a Gauntlet)

   It inflicts extra damage upon your enemies.
   Str:       It affects your strength (+2).
   rElec:     It insulates you from electricity.
   rCorr:     It protects you from acid and corrosion.
   Will:      It decreases your willpower.
Missiles
 c - 4 boomerangs of dispersal
 e - 407 stones
 w - 18 boomerangs (quivered)
 x - 8 silver boomerangs
 D - 3 curare-tipped darts
 G - 15 poisoned darts
 H - a throwing net
 W - 9 javelins
Armour
 n - a scarf of resistance (worn)
 p - a +1 pair of boots of flying (worn)
 u - a +2 pair of gloves of hurling (worn)
 E - a +2 helmet (worn)
 X - the +5 shadow dragon scales of Boduc (worn) {+Blink rPois Str+4 Int-4 Stlth++++}
   (You took it off a minotaur in a Gauntlet)

   Str:       It affects your strength (+4).
   Int:       It affects your intelligence (-4).
   rPois:     It protects you from poison.
   +Blink:    It lets you blink.
   Stlth:     It makes you much more stealthy.
Jewellery
 f - a ring of see invisible (right hand)
 l - a ring of protection from cold
 z - a ring of poison resistance
 I - a ring of willpower
 K - the amulet "Hank" (around neck) {Rampage Regen+ Dex+3}
   (You found it in a Gauntlet)

   [amulet of regeneration]

   Dex:       It affects your dexterity (+3).
   Regen:     It increases your rate of health regeneration.
   Rampage:   It bestows one free step when moving towards enemies.
 N - a ring of resist corrosion
 U - the ring "Ysevuxut" (left hand) {rF++ AC+4}
   (You found it in a Gauntlet)

   [ring of protection]

   AC:        It affects your AC (+4).
   rF:        It greatly protects you from fire.
Wands
 B - a wand of iceblast (19)
 J - a wand of paralysis (22)
 L - a wand of polymorph (8)
 S - a wand of flame (29)
 T - a wand of mindburst (7)
Scrolls
 d - 7 scrolls of teleportation
 m - 2 scrolls of identify
 q - 4 scrolls of immolation
 r - 2 scrolls of blinking
 s - 5 scrolls of fear
 y - 2 scrolls of magic mapping
 F - 2 scrolls of poison
 M - a scroll of brand weapon
 R - 3 scrolls of fog
Potions
 g - 9 potions of curing
 h - 3 potions of heal wounds
 i - 5 potions of resistance
 j - 3 potions of attraction
 o - 3 potions of magic
 t - 3 potions of cancellation
 v - 6 potions of lignification
 A - 2 potions of berserk rage
 C - 3 potions of mutation
 O - 3 potions of invisibility
 Q - 2 potions of might


   Skills:
 - Level 10.0 Fighting
 * Level 20.6 Polearms
 - Level 16.0 Throwing
 + Level 7.3 Armour
 - Level 6.0 Dodging
 - Level 3.0 Shields
 - Level 7.0 Invocations
 - Level 6.0 Evocations


You had 14 spell levels left.
You didn't know any spells.
Your spell library contained the following spells:

 Spells                   Type           Power      Damage    Failure   Level
 Foxfire                  Conj/Fire      0%         2x1d4     95%         1
 Freeze                   Ice            0%         1d3       95%         1
 Magic Dart               Conj           0%         1d3       95%         1
 Sandblast                Erth           0%         2d4       95%         1
 Sting                    Tmut/Pois      0%         1d3       95%         1
 Ensorcelled Hibernation  Hex/Ice        0%         N/A       99%         2
 Passwall                 Tmut/Erth      0%         N/A       99%         2
 Poisonous Vapours        Pois/Air       0%         N/A       99%         2
 Static Discharge         Conj/Air       0%         N/A       99%         2
 Sublimation of Blood     Necr           0%         N/A       99%         2
 Wereblood                Tmut           0%         N/A       99%         2
 Conjure Flame            Conj/Fire      0%         6-21      100%        3
 Frozen Ramparts          Ice            0%         1d2       100%        3
 Inner Flame              Hex/Fire       0%         N/A       100%        3
 Mephitic Cloud           Conj/Pois/Air  0%         N/A       100%        3
 Portal Projectile        Hex/Tloc       0%         N/A       100%        3
 Stone Arrow              Conj/Erth      0%         3d7       100%        3
 Swiftness                Air            0%         N/A       100%        3
 Flame Wave               Conj/Fire      0%         2d4       100%        4
 Hailstorm                Conj/Ice       0%         3d3       100%        4
 Leda's Liquefaction      Hex/Erth       0%         N/A       100%        4
 Olgreb's Toxic Radiance  Pois           0%         N/A       100%        4
 Blade Hands              Tmut           0%         N/A       100%        5
 Lee's Rapid Deconstruct  Erth           0%         3d5*      100%        5
 Lightning Bolt           Conj/Air       0%         1d11      100%        5
 Statue Form              Tmut/Erth      0%         N/A       100%        6
 Orb of Destruction       Conj           0%         9d5       100%        7
 Maxwell's Capacitive Co  Air            0%         ∞         100%        8
 Call Imp                 Summ           Unusable   N/A       N/A         2
 Summon Guardian Golem    Hex/Summ       Unusable   N/A       N/A         3
 Tukima's Dance           Hex            Unusable   N/A       N/A         3
 Spellforged Servitor     Conj/Summ      Unusable   N/A       N/A         7
 Summon Hydra             Summ           Unusable   N/A       N/A         7

Dungeon Overview and Level Annotations

Branches:
Dungeon (14/15)            Temple (1/1) D:7            Lair (6/6) D:11
 Shoals (0/4) Lair:4       Spider (0/4) Lair:4        Slime (0/5) Lair:6
    Orc (2/2) D:9          Vaults (0/5) D:14        Gauntlet (visited)
    Elf: Orc:2

Altars:
Ashenzari
Cheibriados
Dithmenos
Elyvilon
Fedhas
Gozag
Hepliaklqana
Kikubaaqudgha
Makhleb
Nemelex Xobeh
Okawaru
Qazlal
Ru
Sif Muna
Trog
Uskayaw
Vehumet
Wu Jian
Xom
Yredelemnul
Zin
The Shining One
Beogh
Jiyva

Shops:
D:1 (   D:6 ?   D:8 *([[(   D:10 :

Annotations:
D:14 2 transporters, Pesafeac's ghost, journeyman OpCj
Lair:5 2 transporters, Oczostyts's ghost, journeyman DECj


Innate Abilities, Weirdness & Mutations

((You are very nimble when in or above water. (Stealth+, EV+, Speed+++)))
Your lower body shifts to a powerful aquatic tail in water.


Message History

The orc knight hits you with a +1 battleaxe!!
You are too injured to fight recklessly!
You can now deal lightning-fast blows.
The orc priest calls upon Beogh to heal the orc knight.
The orc knight is healed somewhat.
The orc knight hits you with a +1 battleaxe!!
The ogre hits you with a +0 giant club.
* * * LOW HITPOINT WARNING * * *
The troll barely misses you. x2; The troll misses you.
You closely miss the orc priest. You closely miss the orc priest.
The orc knight hits you with a +1 battleaxe!
* * * LOW HITPOINT WARNING * * *
The orc priest hits you but does no damage.
The troll barely misses you.
The troll claws you but does no damage. x2
You slice the orc priest!!
You kill the orc priest!
Okawaru accepts your kill. The ogre hits you but does no damage.
You hit the orc knight.
The orc knight is moderately wounded.
The orc knight closely misses you. The troll misses you.
The troll barely misses you. The troll closely misses you.
The ogre attacks as you move away! The ogre hits you with a +0 giant club!
* * * LOW HITPOINT WARNING * * *
You slice the orc knight!!
The orc knight is severely wounded.
You slice the orc knight!!
The orc knight is almost dead.
You barely miss the orc knight.
The orc knight is almost dead.
The troll bites you but does no damage. The troll claws you but does no damage.
The troll closely misses you.
The orc knight hits you with a +1 battleaxe!
* * * LOW HITPOINT WARNING * * *
Unknown command.
The ogre attacks as you move away! The ogre hits you but does no damage.
The orc knight attacks as you move away!
The orc knight hits you with a +1 battleaxe.
You die...

##..#...........####..##
##...#...........# #...#
#.............[.## ##.###
#..>............## #####
##...............####..#.
#............#...##.....
##....................##
##..#...oO).............#
#.......@T.............##
##..................)..#
##......[.[...........##
#.......)[.).........##
#...................##
#....................#
#.....#.....#.....#.##
##.................####
#..................##.##


You could see an orc knight (strong), a troll and an ogre.

Vanquished Creatures
  Azrael (D:14)
  A minotaur (Gauntlet)
  An ettin (D:9)
  A great orb of eyes (D:14)
  7 boulder beetles
  11 hydras
  3 centaur warriors
  8 vault guards (D:14)
  2 catoblepae
  A two-headed ogre (D:10)
  A death knight (D:13)
  Urug (Lair:5)
  Nergalle (D:11)
  A wizard (D:14)
  2 orc knights
  2 lindwurms (Lair:6)
  A necromancer (Gauntlet)
  7 cyclopes
  An ugly thing (D:11)
  A deep elf zephyrmancer (D:14)
  4 manticores
  3 elephants (Lair:2)
  The ghost of timneilson the Covered, a novice GrFi (D:6)
  3 black mambas
  12 cane toads
  3 torpor snails
  2 gargoyles
  3 rime drakes
  A kobold demonologist (D:9)
  A rime drake (shapeshifter) (D:14)
  11 komodo dragons
  An efreet (D:14)
  An unseen horror (D:11)
  2 tengu conjurers (D:13)
  3 trolls
  7 polar bears
  3 meliai (Gauntlet)
  5 hornets
  10 slime creatures
  A snapping turtle (Lair:4)
  26 blink frogs
  14 dream sheep
  Sigmund (D:3)
  14 spriggans
  A shadow (D:11)
  3 wraiths
  6 wyverns
  A human (D:9)
  A vampire (D:9)
  2 fire elementals (D:14)
  A neqoxec (Gauntlet)
  A steam dragon (D:8)
  44 yaks
  2 chaos spawn (Gauntlet)
  3 basilisks
  A warg (D:9)
  2 vampire mosquitoes (D:11)
  15 water moccasins
  An acid dragon (D:9)
  6 hell hounds (D:14)
  2 ice beasts
  12 orc warriors
  A sky beast (D:6)
  7 black bears
  40 wolves
  3 centaurs
  4 boggarts (Lair:6)
  An ogre (Orc:1)
  2 phantoms (D:5)
  A kobold brigand (D:10)
  20 bullfrogs
  A gnoll sergeant (D:9)
  A necrophage (D:6)
  6 scorpions
  7 wights
  17 killer bees
  2 howler monkeys (D:11)
  4 electric eels
  A hound (D:6)
  A jelly (D:7)
  Crazy Yiuf (D:7)
  10 orc priests
  2 gnoll shamans
  An iron imp (D:6)
  Jessica (D:3)
  Terence (D:3)
  An iguana (D:6)
  17 orc wizards
  Robin (D:3)
  10 gnolls
  21 adders
  A white imp (D:7)
  2 ufetubi
  2 worms
  A dart slug (D:3)
  59 orcs
  5 endoplasms
  5 giant cockroaches
  16 goblins
  9 hobgoblins
  4 jackals (D:4)
  3 quokkas
  5 ball pythons
  8 bats
  4 frilled lizards
  A goblin skeleton (D:6)
  3 goblin zombies (D:6)
  2 hobgoblin zombies (D:6)
  7 kobolds
  A kobold skeleton (D:6)
  An orc zombie (D:6)
  4 rats
618 creatures vanquished.

Vanquished Creatures (others)
  A deep elf knight (D:14)
  42 fungi
  89 plants
  2 toadstools (D:6)
134 creatures vanquished.

Grand Total: 752 creatures vanquished

Notes
Turn   | Place    | Note
-------+----------+-------------------------------------------
     0 | D:1      | jejorda2 the Merfolk Fighter began the quest for the Orb.
     0 | D:1      | Reached XP level 1. HP: 18/18 MP: 1/1
    27 | D:1      | Found Doqef's Weapon Emporium.
    61 | D:1      | Reached skill level 3 in Polearms
   195 | D:1      | Reached XP level 2. HP: 22/24 MP: 2/2
   472 | D:1      | Found a faded altar of an unknown god.
  1089 | D:2      | Found a shimmering altar of Xom.
  1118 | D:2      | Reached XP level 3. HP: 29/29 MP: 3/3
  1133 | D:2      | Reached skill level 4 in Polearms
  1447 | D:2      | Reached XP level 4. HP: 37/37 MP: 4/4
  1783 | D:3      | Noticed Sigmund
  2489 | D:4      | Noticed a scorpion
  2502 | D:4      | Killed a scorpion
  2503 | D:4      | Reached skill level 5 in Polearms
  2503 | D:4      | Reached XP level 5. HP: 37/42 MP: 5/5
  2898 | D:4      | Reached skill level 6 in Polearms
  2898 | D:4      | Reached XP level 6. HP: 45/49 MP: 6/6
  3139 | D:5      | Entered Level 5 of the Dungeon
  3139 | D:5      | Found Faalat's Antique Weapon Boutique.
  3361 | D:5      | Reached skill level 5 in Fighting
  3361 | D:5      | Reached skill level 7 in Polearms
  3361 | D:5      | Reached XP level 7. HP: 48/56 MP: 7/7
  3763 | D:6      | Found Leudwaon's Magic Scroll Shop.
  4074 | D:6      | Bought a scroll of poison for 42 gold pieces
  4109 | D:6      | Reached skill level 8 in Polearms
  4120 | D:6      | Reached XP level 8. HP: 38/64 MP: 8/8
  4129 | D:6      | Reached skill level 9 in Polearms
  4293 | D:6      | Reached skill level 1 in Dodging
  4521 | D:6      | Reached skill level 10 in Polearms
  4652 | D:6      | Reached XP level 9. HP: 69/69 MP: 9/9
  4687 | D:6      | Found a glowing golden altar of the Shining One.
  4984 | D:6      | Found a runed translucent gate.
  4984 | D:6      | Found a runed translucent gate.
  4984 | D:6      | Found a runed translucent gate.
  4988 | D:6      | Noticed timneilson's ghost (novice GrFi)
  4989 | D:6      | Identified the +6 plate armour of Qeofoaso {rElec Will++
                  | Str+3}
  5131 | D:3      | Noticed Robin
  5165 | D:3      | Reached skill level 11 in Polearms
  5171 | D:3      | Killed Robin
  5176 | D:3      | Killed Sigmund
  5177 | D:3      | Reached skill level 5 in Armour
  5535 | D:3      | Noticed Jessica
  5551 | D:3      | Killed Jessica
  5643 | D:3      | Noticed Terence
  5650 | D:3      | Killed Terence
  6048 | D:6      | Killed timneilson's ghost
  6049 | D:6      | Reached skill level 12 in Polearms
  6049 | D:6      | Reached skill level 5 in Dodging
  6240 | D:6      | Bought a scroll of poison for 42 gold pieces
  6525 | D:7      | You fall into a shaft and drop 3 floors!
  6525 | D:10     | Entered Level 10 of the Dungeon
  6571 | D:10     | Found Vuroenea's Book Shoppe.
  6577 | D:10     | Reached skill level 13 in Polearms
  6577 | D:10     | Reached XP level 10. HP: 75/76 MP: 10/10
  6659 | D:10     | Noticed a cyclops
  6672 | D:10     | Killed a cyclops
  6673 | D:10     | Reached skill level 14 in Polearms
  7100 | D:10     | Noticed a two-headed ogre
  7110 | D:10     | Killed a two-headed ogre
  7111 | D:10     | Reached skill level 15 in Polearms
  7375 | D:10     | Paralysed by a hornet for 1 turns
  7984 | D:9      | Reached skill level 16 in Polearms
  7989 | D:9      | Found a staircase to the Orcish Mines.
  8387 | D:9      | Noticed a kobold demonologist
  8392 | D:9      | Killed a kobold demonologist
  8393 | D:9      | Reached skill level 17 in Polearms
  8393 | D:9      | Reached XP level 11. HP: 81/81 MP: 11/11
  8739 | D:8      | Found Cekutwirgh's Armour Shoppe.
  9053 | D:7      | Found a runed translucent door.
  9054 | D:7      | Noticed Crazy Yiuf
  9191 | D:7      | Found a staircase to the Ecumenical Temple.
  9274 | D:7      | Killed Crazy Yiuf
  9352 | Temple   | Entered the Ecumenical Temple
  9411 | Temple   | Became a worshipper of Warmaster Okawaru
  9496 | D:8      | Reached skill level 1 in Invocations
  9661 | D:8      | Found Qoshref's Armour Boutique.
  9684 | D:8      | Bought a +1 cloak of willpower for 214 gold pieces
  9684 | D:8      | Bought a +1 pair of boots of rampaging for 214 gold pieces
  9734 | D:8      | Found Taimuklu's Antique Weapon Boutique.
  9892 | D:8      | Found Numnad's Assorted Antiques.
 10046 | D:8      | Found Ryhucamu's Weapon Shop.
 10501 | D:11     | Noticed Nergalle
 10529 | D:11     | Killed Nergalle
 10529 | D:11     | Reached * piety under Okawaru
 10871 | D:11     | Noticed a boulder beetle
 10883 | D:11     | Killed a boulder beetle
 10918 | D:11     | Reached skill level 5 in Invocations
 11432 | D:11     | Reached skill level 18 in Polearms
 11447 | D:11     | Found a staircase to the Lair.
 11509 | D:11     | Reached ** piety under Okawaru
 11628 | D:11     | Noticed a purple ugly thing
 11630 | D:11     | Found a hazy altar of Hepliaklqana.
 11641 | D:11     | Killed a purple ugly thing
 11878 | Lair:1   | Entered Level 1 of the Lair of Beasts
 12301 | Lair:1   | Reached skill level 1 in Throwing
 12608 | Lair:1   | Reached *** piety under Okawaru
 12623 | Lair:1   | Reached XP level 12. HP: 80/89 MP: 17/17
 13961 | Lair:2   | Reached **** piety under Okawaru
 14197 | Lair:2   | Reached skill level 19 in Polearms
 14609 | Lair:2   | Reached skill level 5 in Throwing
 14724 | Lair:2   | Reached ***** piety under Okawaru
 15114 | Lair:2   | Received a gift from Okawaru
 15625 | Lair:3   | Reached skill level 20 in Polearms
 15643 | Lair:3   | Found a gate leading to a gauntlet.
 15692 | Lair:3   | Reached skill level 1 in Evocations
 15692 | Lair:3   | Reached XP level 13. HP: 97/100 MP: 18/18
 15702 | Gauntlet | Entered a Gauntlet
 15702 | Gauntlet | Found a transporter.
 15711 | Gauntlet | Found a transporter.
 15713 | Gauntlet | Found a transporter.
 15721 | Gauntlet | Found a runed translucent gate.
 15721 | Gauntlet | Found a runed translucent gate.
 15721 | Gauntlet | Found a runed translucent gate.
 15724 | Gauntlet | Found a transporter.
 15727 | Gauntlet | Found a transporter.
 15735 | Gauntlet | Found a transporter.
 15756 | Gauntlet | Found a transporter.
 15767 | Gauntlet | Found a transporter.
 15779 | Gauntlet | Found a transporter.
 15780 | Gauntlet | Found a runed translucent door.
 15794 | Gauntlet | Found a runed translucent door.
 15798 | Gauntlet | Found a transporter.
 15812 | Gauntlet | Found a transporter.
 15861 | Gauntlet | Found a transporter.
 15875 | Gauntlet | Found a transporter.
 16017 | Gauntlet | Identified the +3 dagger of Moral Flaws {vorpal, rElec
                  | Will- rCorr Str+2}
 16055 | Gauntlet | Found a transporter.
 16142 | Gauntlet | Identified the amulet "Hank" {Rampage Regen+ Dex+3}
 16154 | Gauntlet | Identified the ring "Ysevuxut" {rF++ AC+4}
 16197 | Gauntlet | Identified the +5 shadow dragon scales of Boduc {+Blink
                  | rPois Str+4 Int-4 Stlth++++}
 16197 | Gauntlet | Noticed a minotaur
 16211 | Gauntlet | Killed a minotaur
 17137 | Lair:3   | Identified the +5 chain mail of the True Pharaoh {rC+
                  | Will++} (Okawaru gifted it to you on level 3 of the Lair of
                  | Beasts)
 17137 | Lair:3   | Received a gift from Okawaru
 17294 | Lair:4   | Reached skill level 5 in Evocations
 17349 | Lair:4   | Found a hole to the Spider Nest.
 17445 | Lair:4   | Found a staircase to the Shoals.
 17569 | Lair:4   | Reached skill level 10 in Throwing
 18022 | Lair:5   | Reached XP level 14. HP: 94/106 MP: 19/19
 18032 | Lair:5   | Noticed Urug
 18040 | Lair:5   | Killed Urug
 18062 | Lair:5   | Found a transporter.
 18073 | Lair:5   | Noticed Oczostyts's ghost (journeyman DECj)
 18081 | Lair:5   | You are sucked into a shaft and drop 1 floor!
 18081 | Lair:6   | Entered Level 6 of the Lair of Beasts
 18446 | Lair:5   | Found a transporter.
 18497 | Lair:5   | Reached ****** piety under Okawaru
 19081 | Lair:6   | Identified the +1 plate armour of Shadows and Fog {Int+4}
                  | (Okawaru gifted it to you on level 6 of the Lair of Beasts)
 19081 | Lair:6   | Received a gift from Okawaru
 19245 | Lair:6   | Found a viscous altar of Jiyva.
 19246 | Lair:6   | Found a staircase to the Slime Pits.
 20632 | D:13     | Reached XP level 15. HP: 95/115 MP: 20/20
 20663 | D:13     | Reached skill level 15 in Throwing
 20745 | D:13     | Reached skill level 10 in Fighting
 20840 | D:13     | Identified the +8 hand axe of Conscience {spect, rF+ rCorr
                  | Dex+3}
 21051 | D:14     | Found a gate to the Vaults.
 21059 | D:14     | Received a gift from Okawaru
 21240 | D:14     | Received a gift from Okawaru
 21298 | D:14     | Noticed a tengu reaver
 21299 | D:14     | Noticed Pesafeac's ghost (journeyman OpCj)
 21350 | D:14     | Found a transporter.
 21354 | D:14     | Found a transporter.
 21393 | D:14     | Noticed Azrael
 21450 | D:14     | Killed Azrael
 21578 | Arena    | Entered the Arena
 21913 | D:14     | Received a gift from Okawaru
 22363 | Orc:1    | Entered Level 1 of the Orcish Mines
 22702 | Orc:2    | Entered Level 2 of the Orcish Mines
 22720 | Orc:1    | HP: 2/115 [orc knight/+1 battleaxe (13)]
 22721 | Orc:1    | Slain by an orc knight

Illustrated notes

Levels and vault maps discovered:
D:1:      psy_arrival_whirlpool, layout_loops_cross, serial_shops,
          nicolae_shop_behind_doors, basic_ecumenical_altar, dk_noncrumbling_2,
          hangedman_decor_push, minmay_shallow_snake_nest
D:2:      layout_loops_ring, basic_altar, kennysheep_generic_room_5
D:3:      cheibrodos_helix_gallery, layout_basic, uniq_robin, uniq_sigmund,
          uniq_terence, uniq_jessica
D:4:      layout_cave_pods, skrybe_limestone_x
D:5:      layout_rooms, serial_shops, nicolae_square_shop
D:6:      layout_basic, nicolae_tso_besieged_by_evil, serial_shops,
          shop_scrolls, biasface_ghost_orc_armoury, minmay_gold_behind_fungi,
          minmay_joined_circles
D:7:      nicolae_cairo_tiling, layout_cave_pools,
          minmay_temple_entry_nine_rooms, uniq_crazy_yiuf_cottage
D:8:      layout_basic, serial_shops, nicolae_shop_bloodbath_and_beyond,
          nicolae_diamond_shop, nicolae_square_shop, kennysheep_mini_moat,
          nicolae_lakefront_shop
D:9:      layout_gridville, erik_orc_4, minmay_stone_trees_small
D:10:     layout_loops_ring, serial_shops, nicolae_inconvenience_store,
          minmay_sticks_and_stones
D:11:     layout_irregular_city, lair_entry_dummy,
          nicolae_hepliaklqana_hazy_memory, uniq_nergalle
D:12:     layout_rooms, dreamdust_princess_corridor
D:13:     layout_rooms, minivault_20, minivault_21
D:14:     minmay_triangles_in_corner, layout_small_grid, erik_vaults_2,
          nrook_campfire, gammafunk_ghost_arena, uniq_azrael
Temple:   compressed_dpeg_circular_temple
Lair:1:   minmay_lair_venomous_thicket, layout_loops_ring, st_stairs_10,
          beast_lair_carwin_7
Lair:2:   layout_long_grid, serial_bayou_ford_a, st_stairs_5,
          serial_bayou_pond_c, dreamdust_gnoll_shepherd, grunt_megastairs_5,
          serial_bayou_shore_b
Lair:3:   layout_regular_city, gauntlet_entry_generic, grunt_megastairs_3
Lair:4:   layout_misc_corridors, minmay_shoals_entry_hut, dummy_spider_entry,
          amcnicky_mini_pool_medium
Lair:5:   layout_misc_corridors, gammafunk_ghost_arena, uniq_urug
Lair:6:   minmay_lair_end_enchanted_forest, layout_misc_corridors,
          slime_altar_1, nicolae_lair_lindhole, infiniplex_staircase_pool_2
Orc:1:    layout_caves
Orc:2:    st_orc_ogre_mass, layout_caves, basic_altar,
          nicolae_orc_sculptors_studio, uniq_donald

Skill      XL: |  1  2  3  4  5  6  7  8  9 10 11 12 13 14 15 |
---------------+----------------------------------------------+-----
Polearms       | 3 4 5 6 7 8 10 13 17 18 20 | 20.6
Fighting       | 4 5 6 8 9 10 | 10.0
Armour         | 3 4 5 6 7 |  7.3
Dodging        | 3 6 |  6.0
Invocations    | 6 7 |  7.0
Throwing       | 2 6 10 14 16 | 16.0
Evocations     | 1 6 |  6.0
Shields        | |  3.0

Action                   |  1- 3 |  4- 6 |  7- 9 | 10-12 | 13-15 || total
-------------------------+-------+-------+-------+-------+-------++-------
Melee: Trident           |   110 |   132 |   148 |    30 |    73 ||   493
       Halberd           |       |       |   179 |   841 |       ||  1020
       Punch             |       |       |       |     2 |       ||     2
       Tailslap          |       |       |       |     5 |       ||     5
       Glaive            |       |       |       |    60 |   810 ||   870
       Bardiche          |       |       |       |       |   203 ||   203
Throw: Stone             |     3 |    13 |    17 |    25 |       ||    58
       Dart              |       |       |     5 |    32 |     9 ||    46
       Boomerang         |       |       |     5 |     2 |    85 ||    92
       Javelin           |       |       |       |       |    10 ||    10
Invok: Heroism           |       |       |       |     4 |     6 ||    10
       Finesse           |       |       |       |       |     7 ||     7
       Duel              |       |       |       |       |     1 ||     1
Evoke: Wand              |       |       |     2 |       |     2 ||     4
  Use: Scroll            |       |       |    22 |     8 |     5 ||    35
       Potion            |       |       |     2 |       |     2 ||     4
 Stab: Distracted        |       |     1 |       |       |     3 ||     4
       Sleeping          |       |       |       |       |     9 ||     9
       Petrified         |       |       |       |       |     2 ||     2
Armor: Scale mail        |    49 |    34 |    34 |       |       ||   117
       Plate armour      |       |       |   114 |   429 |    23 ||   566
       Shadow dragon sca |       |       |       |       |   614 ||   614
Dodge: Dodged            |    31 |    42 |    92 |   346 |   460 ||   971
Block: Buckler           |    24 |    27 |    16 |       |       ||    67

Table legend: (Time is in decaauts)
 A = Elapsed time spent in this place.
 B = Non-inter-level travel time spent in this place.
 C = Inter-level travel time spent in this place.
 D = Time resting spent in this place.
 E = Time spent auto-exploring this place.
 F = Levels seen in this place.
 G = Mean time per level.
                   A        B        C        D        E       F      G
               +--------+--------+--------+--------+--------+-----+--------+
         Total |  21949 |  20868 |   1081 |   1762 |  14869 |  25 |  878.0 |
       Dungeon |  14041 |  13297 |    744 |   1335 |   9637 |  14 | 1002.9 |
        Temple |     90 |     52 |     38 |      0 |     34 |   1 |   90.0 |
          Lair |   6981 |   6702 |    279 |    413 |   4725 |   6 | 1163.5 |
  Orcish Mines |    273 |    255 |     18 |      0 |    183 |   2 |  136.5 |
      Gauntlet |    538 |    538 |      0 |      0 |    289 |   1 |  538.0 |
         Arena |     23 |     23 |      0 |     14 |      0 |   1 |   23.0 |
               +--------+--------+--------+--------+--------+-----+--------+

Top non-repeatable levels by time:
  Lair:2: 1856 daAuts
  Lair:1: 1754 daAuts
     D:6: 1625 daAuts
    D:11: 1420 daAuts
     D:4: 1377 daAuts
    D:10: 1308 daAuts
    D:14: 1199 daAuts
     D:1: 1072 daAuts
     D:9: 996 daAuts
  Lair:3: 996 daAuts
  Lair:6: 980 daAuts
     D:8: 921 daAuts
     D:3: 891 daAuts
     D:7: 891 daAuts
  Lair:5: 704 daAuts
